 Dungeon Crawl Stone Soup version 0.28-a0-1629-gf728b707aa (webtiles) character file.

Game seed: 5936374344651165863

795 testman the Skirmisher (level 7, -1/59 HPs)
             Began as a Palentonga Fighter on Jan 24, 2022.
             Was a Believer of Nemelex Xobeh.
             Slain by an ogre (13 damage)
             ... on level 5 of the Dungeon.
             The game lasted 00:17:29 (5688 turns).

testman the Skirmisher (Palentonga Fighter)         Turns: 5688, Time: 00:17:30

Health: -1/59      AC: 14    Str: 21    XL:     7   Next: 58%
Magic:  9/9        EV:  7    Int:  9    God:    Nemelex Xobeh [**....]
Gold:   238        SH:  4    Dex:  9    Spells: 6/6 levels left

rFire   . . .      SeeInvis +   a - +1 war axe
rCold   . . .      Faith    .   c - +0 buckler
rNeg    . . .      Spirit   .   b - +0 scale mail
rPois   .          Reflect  .   v - +0 helmet
rElec   .          Harm     .   (no cloak)
rCorr   .          Rampage  .   (no gloves)
Will    +....                   (no barding)
Stlth   ..........              (no amulet)
HPRegen 0.19/turn               e - ring of willpower
MPRegen 0.11/turn               (no ring)

@: curled up
A: large, rugged brown scales 3, see invisible, deformed body, roll 1, armoured
tail, reflexive curl
a: Rolling Charge, Renounce Religion, Draw Escape, Draw Destruction, Draw
Summoning


You were on level 5 of the Dungeon.
You worshipped Nemelex Xobeh.
Nemelex Xobeh was pleased with you.
You visited 1 branch of the dungeon, and saw 5 of its levels.

You collected 238 gold pieces.

Inventory:

Hand Weapons
 a - a +1 war axe (weapon)
 u - a +0 hunting sling of freezing
Missiles
 f - 2 boomerangs
 k - 112 stones
 t - 3 curare-tipped darts
Armour
 b - a +0 scale mail (worn)
 c - a +0 buckler (worn)
 v - a +0 helmet (worn)
Jewellery
 e - a ring of willpower (left hand)
Scrolls
 g - 3 scrolls of teleportation
 i - 2 scrolls of fog
 l - 3 scrolls of enchant weapon
 p - 2 scrolls of enchant armour {unknown}
Potions
 d - a potion of might
 h - 2 potions of brilliance {unknown}
 j - 2 potions of heal wounds
 m - a potion of lignification {unknown}
 n - a potion of attraction {unknown}
 o - a potion of haste {unknown}
 q - a potion of flight {unknown}
 r - a potion of mutation {unknown}
 s - 2 potions of curing {unknown}


   Skills:
 + Level 5.3 Fighting
 + Level 5.0 Axes
 - Level 2.6 Armour
 - Level 4.0 Shields
 + Level 3.8 Invocations


You had 6 spell levels left.
You didn't know any spells.
Your spell library contained the following spells:

 Spells                   Type           Power      Damage    Failure   Level
 Animate Skeleton         Necr           0%         N/A       80%         1
 Pain                     Necr           0%         1d4       80%         1
 Call Canine Familiar     Summ           0%         N/A       99%         3
 Portal Projectile        Hex/Tloc       0%         N/A       99%         3
 Vampiric Draining        Necr           0%         2d6       99%         3
 Leda's Liquefaction      Hex/Erth       0%         N/A       100%        4
 Alistair's Intoxication  Tmut/Pois      0%         N/A       100%        5
 Borgnjor's Vile Clutch   Necr/Erth      0%         N/A       100%        5
 Eringya's Noxious Bog    Tmut/Pois      0%         N/A       100%        6


Dungeon Overview and Level Annotations

Branches:
Dungeon (5/15)
 Temple: D:4-7

Altars:
Nemelex Xobeh
Ru


Innate Abilities, Weirdness & Mutations

You are completely covered in rugged brown scales. (AC +3, +7% HP)
You have supernaturally acute eyesight. (SInv)
Armour fits poorly on your strangely shaped body.
You can roll at nearby foes to attack.
You have a long armoured tail.
You curl defensively after being hit. (AC +7*)


Message History

You hit the scorpion.
The scorpion is almost dead.
The scorpion stings you but does no damage.
You slash the scorpion!
You kill the scorpion!
Your Axes skill increases to level 5!
No target in view!
p - 2 scrolls labelled CABREA LIBOM (gained 1)
i - 2 scrolls of fog (gained 1)
There is an open door here.
Found a dagger.
An ogre comes into view. It is wielding a +0 giant club.
The ogre shouts!
The ogre moves out of view.
An ogre and a scorpion come into view.
Roll where?
Press: ? - help, Q - select action, (/) - cycle Dir - move target, f - ogre
Aim: an ogre, wielding a +0 giant club
Okay, then.
Okay, then.
The scorpion falls through a shaft!
The shaft crumbles and collapses.
There is an open door here.
Roll where?
Press: ? - help, Q - select action, (/) - cycle Dir - move target, f - ogre
Aim: an ogre, wielding a +0 giant club You roll forward with a clatter of scales!
You hit the ogre but do no damage.
The ogre hits you with a +0 giant club!!
You slash the ogre!
The ogre is heavily wounded.
The ogre hits you with a +0 giant club!!
* * * LOW HITPOINT WARNING * * *
You draw a card...
You have drawn Wild Magic.
Dim flames ripple over the ogre's body.
You feel a surge of magic. The ogre barely misses you.
You hit the ogre.
The ogre is severely wounded.
The ogre hits you with a +0 giant club!
You die...
Your body disappears without a glow.

..............
.........
######.#######
#!....# #.......#
#.# #.......# #.#
#.......# #.####
#.......# #....#
#.......# #....#
#...)...# #O...#
#.......# #@...#
#.......###'####
#..............#
#..............###
####..##.........#
##'#####......#
... #......# ....
#.###### .....#
#.#


You could see an ogre.

Vanquished Creatures
  A black bear (D:5)
  An ogre (D:3)
  A water moccasin zombie (D:5)
  2 scorpions
  A water moccasin skeleton (D:5)
  A jelly (D:3)
  2 hounds
  Natasha (D:3)
  An iguana (D:5)
  Robin (D:4)
  4 gnolls (D:3)
  12 adders
  An adder skeleton (D:4)
  3 worms (D:3)
  2 dart slugs
  6 orcs
  4 bats
  5 endoplasms
  5 giant cockroaches
  6 hobgoblins
  2 jackals (D:1)
  7 quokkas
  12 ball pythons
  A frilled lizard (D:1)
  13 goblins
  A jackal zombie (D:4)
  4 kobolds
  3 rats
103 creatures vanquished.

Vanquished Creatures (others)
  17 plants (D:3)
  A withered plant (D:2)
18 creatures vanquished.

Grand Total: 121 creatures vanquished

Notes
Turn   | Place    | Note
-------+----------+-------------------------------------------
     0 | D:1      | testman the Palentonga Fighter began the quest for the Orb.
     0 | D:1      | Reached XP level 1. HP: 19/19 MP: 1/1
   195 | D:1      | Reached XP level 2. HP: 25/25 MP: 2/2
   927 | D:2      | Reached XP level 3. HP: 31/31 MP: 3/3
  1376 | D:2      | Reached XP level 4. HP: 32/37 MP: 4/4
  2139 | D:2      | Found a faded altar of an unknown god.
  2150 | D:2      | Prayed at the altar of an unknown god.
  2150 | D:2      | Became a worshipper of Nemelex Xobeh the Trickster
  2150 | D:2      | Reached * piety under Nemelex Xobeh
  2417 | D:3      | Reached XP level 5. HP: 44/44 MP: 5/5
  2419 | D:3      | Received a gift from Nemelex Xobeh
  2540 | D:3      | Reached ** piety under Nemelex Xobeh
  2703 | D:3      | Reached skill level 1 in Invocations
  3314 | D:3      | Noticed Natasha
  3322 | D:3      | Killed Natasha
  3679 | D:4      | Found a sacrificial altar of Ru.
  3954 | D:4      | Noticed an ogre
  4173 | D:3      | HP: 1/44 [acid (11)]
  4176 | D:3      | Reached XP level 6. HP: 34/51 MP: 7/7
  4431 | D:4      | Noticed Robin
  4446 | D:4      | Killed Robin
  5434 | D:5      | Entered Level 5 of the Dungeon
  5446 | D:5      | Gained mutation: You curl defensively after being hit. (AC
                  | +7*) [Palentonga growth]
  5446 | D:5      | Reached XP level 7. HP: 48/58 MP: 7/9
  5589 | D:5      | Reached skill level 5 in Fighting
  5649 | D:5      | Reached skill level 5 in Axes
  5688 | D:5      | Slain by an ogre

Illustrated notes

Levels and vault maps discovered:
D:1:      dpeg_arrival_arbitrary_a, layout_basic
D:2:      layout_basic, ebering_ecumenical_altar_petrified, nrook_loot_triangle,
          minmay_snake_closets
D:3:      wad_woods_settlement, layout_rooms, cheibrodos_sewer_entry_bend,
          hex_large, uniq_natasha
D:4:      wad_lake_hut, layout_loops_ring,
          mainiacjoe_overflow_concentric_impassable, minmay_pentangle,
          uniq_robin
D:5:      layout_basic, ebering_ghost_reflecting_pool

Skill      XL: |  1  2  3  4  5  6  7 |
---------------+----------------------+-----
Shields        | 3 4 |  4.0
Axes           | 3 4 5 |  5.0
Fighting       | 4 5 |  5.3
Invocations    | 1 2 3 |  3.8
Armour         | |  2.6

Action                   |  1- 3 |  4- 6 |  7- 9 || total
-------------------------+-------+-------+-------++-------
Melee: War axe           |    81 |   195 |    26 ||   302
       Tailslap          |     5 |    16 |     4 ||    25
Invok: Draw Destruction  |       |     2 |     1 ||     3
       Draw Escape       |       |     1 |       ||     1
 Abil: Rolling Charge    |     4 |     4 |     6 ||    14
  Use: Scroll            |       |     6 |       ||     6
       Potion            |       |     1 |       ||     1
Armor: Scale mail        |    45 |    97 |    10 ||   152
Dodge: Dodged            |    35 |    83 |     7 ||   125
Block: Buckler           |    13 |    47 |     3 ||    63

Table legend: (Time is in decaauts)
 A = Elapsed time spent in this place.
 B = Non-inter-level travel time spent in this place.
 C = Inter-level travel time spent in this place.
 D = Time resting spent in this place.
 E = Time spent auto-exploring this place.
 F = Levels seen in this place.
 G = Mean time per level.
                   A        B        C        D        E       F      G
               +--------+--------+--------+--------+--------+-----+--------+
         Total |   5841 |   5654 |    187 |   1462 |   3258 |   5 | 1168.2 |
       Dungeon |   5841 |   5654 |    187 |   1462 |   3258 |   5 | 1168.2 |
               +--------+--------+--------+--------+--------+-----+--------+

Top non-repeatable levels by time:
     D:4: 1568 daAuts
     D:3: 1550 daAuts
     D:2: 1525 daAuts
     D:1: 933 daAuts
     D:5: 264 daAuts
